 Dungeon Sprint DCSS version 0.30-a0-964-gd452b5e7fa (webtiles) character file.

Game seed: 6411388864901629504

350 dialectric the Unseen (level 6, -4/33 HPs)
             Began as a Spriggan Brigand on Mar 30, 2023.
             Killed from afar by an electric eel (14 damage)
             ... with a bolt of electricity
             ... in the Dungeon (Sprint II: "The Violet Keep of Menkaure").
             The game lasted 00:00:21 (23 turns).

dialectric the Unseen (Spriggan Brigand)              Turns: 23, Time: 00:00:22

Health: -4/33      AC:  3    Str:  7    XL:     6   Next: 34%
Magic:  7/7        EV: 18    Int: 12    God:
Gold:   243        SH:  0    Dex: 19    Spells: 5/5 levels left

rFire   . . .      SeeInvis +    a - +2 dagger
rCold   . . .      Faith    .    (no shield)
rNeg    . . .      Spirit   .    b - +0 robe
rPois   .          Reflect  .    (helmet restricted)
rElec   .          Rampage  .    c - +0 cloak
rCorr   .          NoTele   +    (gloves unavailable)
Will    +....                    (boots unavailable)
Stlth   +++++++                  (no amulet)
HPRegen 0.25/turn                (no ring)
MPRegen 0.10/turn                (no ring)

@: very quick
A: very small, no large weapons, unfitting armour, see invisible, speed 3
a: no special abilities


You were in the Dungeon.
You visited 1 branch You collected 243 gold pieces.

Inventory:

Hand Weapons
 a - a +2 dagger (weapon)
Missiles
 d - 9 poisoned darts (quivered)
 e - 3 curare-tipped darts
Armour
 b - a +0 robe (worn)
 c - a +0 cloak (worn)
Scrolls
 k - a scroll of blinking
Potions
 f - a potion of curing
 g - a potion of heal wounds
 h - a potion of haste
 i - 2 potions of magic
 j - a potion of berserk rage


   Skills:
 + Level 3.6 Fighting
 + Level 5.5 Short Blades
 - Level 3.3 Throwing
 + Level 2.7 Dodging
 + Level 18.1 Stealth


You had 5 spell levels left.
You didn't know any spells.
Your spell library was empty.

Dungeon Overview and Level Annotations

Branches:
Dungeon (1/1)

Altars:


Innate Abilities, Weirdness & Mutations

You are very small and have problems with some larger weapons.
You are too small for most types of armour.
You have supernaturally acute eyesight. (SInv)
You cover ground extremely quickly. (Speed+++)


Message History

You kill the scorpion!
Your Fighting skill increases to level 3!
Your Dodging skill increases to level 2!
Your Stealth skill increases to level 14!
You have reached level 5!
You feel agile.
The helpless scorpion fails to defend itself.
You perforate the scorpion like a sieve!!!!
You kill the scorpion!
Your Short Blades skill increases to level 5!
Your Stealth skill gained 2 levels and is now at level 16!
Unknown command.
You now have 243 gold pieces.
You open the door.
There is an open door here.
Menkaure, Prince of Dust comes into view.
The helpless Menkaure fails to defend himself.
You spit Menkaure like a pig!!!!
You destroy Menkaure!
Your Stealth skill gained 2 levels and is now at level 18!
You have reached level 6!
You open the gate. 5 electric eels come into view.
Unknown command.
There is an open gate here.
The helpless electric eel fails to defend itself.
You stick the electric eel like a pincushion!!!!
You kill the electric eel!
You hear a splash.
The electric eel shoots out a bolt of lightning at you!
The bolt of electricity hits the electric eel.
The electric eel completely resists.
The bolt of electricity hits the electric eel.
The electric eel completely resists.
The bolt of electricity hits the electric eel.
The electric eel completely resists.
The bolt of electricity hits you! x2
The electric eel shoots out a bolt of lightning at you!
The bolt of electricity hits the electric eel.
The electric eel completely resists.
The bolt of electricity hits you!
You die...

####+####
##§§§§§§§##
##§S§§§§§S§##
+S≈§§§S≈§§§≈#
#SS§§§≈≈§§# #
#≈S≈S≈≈§#
###~~#''@#+++##
##~~~.........#
.#~~~~.##'##..#
.#~~~~###.###.#
.#~~~~#††#.†#
.#~~# ##.#.##
.#~##. ##'##
.#~#.B.##.## .+
#+.<.+


You could see 8 electric eels.

Vanquished Creatures
  Menkaure (D)
  4 scorpions (D)
  An electric eel (D)
6 creatures vanquished.

Notes
Turn   | Place    | Note
-------+----------+-------------------------------------------
     0 | D        | dialectric the Spriggan Brigand began the quest for the
                  | Orb.
     0 | D        | Reached XP level 1. HP: 10/10 MP: 2/2
     1 | D        | Noticed a boulder beetle
     1 | D        | Noticed a boulder beetle
     4 | D        | Noticed a scorpion
     4 | D        | Noticed a scorpion
     4 | D        | Noticed a scorpion
     4 | D        | Noticed a scorpion
     7 | D        | Killed a scorpion
     8 | D        | Reached skill level 11 in Stealth
     8 | D        | Reached XP level 2. HP: 15/15 MP: 3/3
     8 | D        | Reached XP level 3. HP: 18/18 MP: 4/4
     8 | D        | Killed a scorpion
     9 | D        | Reached skill level 13 in Stealth
     9 | D        | Reached XP level 4. HP: 23/23 MP: 5/5
    11 | D        | Killed a scorpion
    12 | D        | Reached skill level 14 in Stealth
    12 | D        | Reached XP level 5. HP: 28/28 MP: 6/6
    14 | D        | Reached skill level 5 in Short Blades
    14 | D        | Reached skill level 16 in Stealth
    18 | D        | Noticed Menkaure
    20 | D        | Killed Menkaure
    21 | D        | Reached skill level 18 in Stealth
    21 | D        | Reached XP level 6. HP: 33/33 MP: 7/7
    23 | D        | Killed from afar by an electric eel

Illustrated notes

Levels and vault maps discovered:
D:        the_violet_keep_of_menkaure [sprint2_stairs_cluster_1,
          sprint2_shoproom, sprint2_temple, sprint2_basic_supplies,
          sprint2_obstacle_3, sprint2_obstacle_1, sprint2_obstacle_7,
          sprint2_obstacle_4, sprint2_obstacle_6, sprint2_timed_cluster_1,
          sprint2_smallroom_cluster_1, sprint2_smallroom_final_cluster_1,
          sprint2_transparent_cluster_1, sprint2_second_timed_cluster_1,
          sprint2_sniper_area_1, sprint2_heavy_combat_area_1,
          sprint2_mutation_trap_area_1, sprint2_forest_area_1,
          sprint2_light_combat_area_1, sprint2_behind_water_1,
          sprint2_near_end_vault_1]

Skill      XL: |  1  2  3  4  5 |
---------------+----------------+-----
Fighting       | 2 3 |  3.6
Short Blades   | 3 4 5 |  5.5
Stealth        | 11 13 14 18 | 18.1
Throwing       | 3 |  3.3
Dodging        | 2 |  2.7

Action                     |  1- 3 |  4- 6 || total
---------------------------+-------+-------++-------
  Melee: Dagger            |     2 |     4 ||     6
   Stab: Sleeping          |     2 |     4 ||     6

Table legend: (Time is in decaauts)
 A = Elapsed time spent in this place.
 B = Non-inter-level travel time spent in this place.
 C = Inter-level travel time spent in this place.
 D = Time resting spent in this place.
 E = Time spent auto-exploring this place.
 F = Levels seen in this place.
 G = Mean time per level.
                   A        B        C        D        E       F      G
               +--------+--------+--------+--------+--------+-----+--------+
         Total |     17 |     17 |      0 |      0 |      0 |   1 |   17.0 |
       Dungeon |     17 |     17 |      0 |      0 |      0 |   1 |   17.0 |
               +--------+--------+--------+--------+--------+-----+--------+

Top non-repeatable levels by time:
       D: 17 daAuts
